[ AOE2 MATCH · #464368507 ]
UnrankedDravidians vs Malians
[ REPLAY ANALYSIS · EXTRACTED FROM THE RECORDED GAME ]
Feudal
12:01
Castle
—
Imperial
—
| APM avg | 20.9 |
| APM peak | 39 |
| eAPM avg | 8.0 |
| Villagers / military | 23 / 6 |
Focus
⚔️ 16.3% · 🌾 83.7%
Skirmisher ×4 · Spearman ×2
Feudal
10:14
Castle
—
Imperial
—
| APM avg | 40.0 |
| APM peak | 96 |
| eAPM avg | 16.7 |
| Villagers / military | 38 / 18 |
Focus
⚔️ 45.2% · 🌾 54.8%
Archer ×17 · Spearman ×1
Feudal
9:39
Castle
—
Imperial
—
| APM avg | 73.5 |
| APM peak | 116 |
| eAPM avg | 26.9 |
| Villagers / military | 38 / 25 |
Focus
⚔️ 15.6% · 🌾 84.4%
Archer ×24 · Spearman ×1
Feudal
12:29
Castle
—
Imperial
—
| APM avg | 32.8 |
| APM peak | 62 |
| eAPM avg | 11.7 |
| Villagers / military | 37 / 6 |
Focus
⚔️ 19.9% · 🌾 80.1%
Scout Cavalry ×4 · Spearman ×2
Feudal
10:58
Castle
17:55
Imperial
—
| APM avg | 22.0 |
| APM peak | 46 |
| eAPM avg | 9.6 |
| Villagers / military | 30 / 1 |
Focus
⚔️ 25.5% · 🌾 74.5%
Knight ×1
Feudal
9:24
Castle
—
Imperial
—
| APM avg | 50.7 |
| APM peak | 93 |
| eAPM avg | 20.9 |
| Villagers / military | 41 / 17 |
Focus
⚔️ 37.4% · 🌾 62.6%
Archer ×17
Match map
Initial resources + every placement click. Lines = walls · curves = elevation contours. ◆ gold · ⬟ stone · ● berries · ✦ relic · ◌ wall gap
Your base· Open — unwalled flank
Quando's base· Open — unwalled flank
Vikariepoolen's base· Open — unwalled flank
Obegränsad's base· Open — unwalled flank
Fr4ggi's base· Open — unwalled flank
BoMalabimba's base· Open — unwalled flank
Smoothed initial terrain · ◌ = detected wall gap · hover for details
Inputs per minute
— Relief - - Quando
Build order — Relief
52 actions detected in the replay
| 0:01 | Queue | Villager (Male) |
| 0:01 | Queue | Villager (Male) |
| 0:04 | Build | House |
| 0:06 | Build | House |
| 0:31 | Queue | Villager (Male) |
| 0:31 | Queue | Villager (Male) |
| 1:34 | Queue | Villager (Male) |
| 1:56 | Build | Lumber Camp |
| 2:00 | Queue | Villager (Male) |
| 2:27 | Queue | Villager (Male) |
| 2:54 | Queue | Villager (Male) |
| 3:18 | Queue | Villager (Male) |
| 3:47 | Queue | Villager (Male) |
| 3:52 | Build | House |
| 3:54 | Build | House |
| 4:06 | Queue | Villager (Male) |
| 5:16 | Build | Mill |
| 5:25 | Research | Loom |
| 5:31 | Queue | Villager (Male) |
| 5:40 | Queue | Villager (Male) |
| 5:56 | Queue | Villager (Male) |
| 7:01 | Queue | Villager (Male) |
| 7:05 | Queue | Villager (Male) |
| 7:26 | Build | Mill |
| 7:46 | Research | Loom |
| 8:21 | Queue | Villager (Male) |
| 9:10 | Queue | Villager (Male) |
| 9:47 | Build | Farm |
| 9:49 | Build | Farm |
| 9:51 | Research | Feudal Age |
| 10:42 | Queue | Villager (Male) |
| 11:02 | Build | Mining Camp |
| 12:01 | Age | Feudal Age |
| 12:10 | Research | Double-Bit Axe |
| 12:15 | Queue | Villager (Male) |
| 12:29 | Build | Barracks |
| 12:47 | Build | House |
| 13:09 | Build | House |
| 13:14 | Queue | Villager (Male) |
| 13:35 | Build | Archery Range |
| 13:43 | Build | Blacksmith |
| 13:51 | Queue | Villager (Male) |
| 14:19 | Build | Farm |
| 15:01 | Queue | Skirmisher |
| 15:02 | Queue | Skirmisher |
| 16:22 | Queue | Villager (Male) |
| 16:27 | Research | Castle Age |
| 17:12 | Queue | Skirmisher |
| 17:13 | Queue | Skirmisher |
| 17:17 | Queue | Spearman |
| 17:17 | Queue | Spearman |
| 17:47 | Build | Watch Tower |
Build order — Quando
97 actions detected in the replay
| 0:02 | Build | House |
| 0:02 | Queue | Villager (Male) |
| 0:03 | Queue | Villager (Male) |
| 0:03 | Queue | Villager (Male) |
| 0:04 | Build | House |
| 0:21 | Queue | Villager (Male) |
| 1:26 | Queue | Villager (Male) |
| 1:46 | Build | Lumber Camp |
| 2:10 | Queue | Villager (Male) |
| 2:37 | Queue | Villager (Male) |
| 2:37 | Queue | Villager (Male) |
| 3:23 | Queue | Villager (Male) |
| 3:35 | Queue | Villager (Male) |
| 3:56 | Build | House |
| 3:57 | Build | House |
| 4:10 | Queue | Villager (Male) |
| 4:25 | Queue | Villager (Male) |
| 4:51 | Queue | Villager (Male) |
| 5:10 | Queue | Villager (Male) |
| 5:24 | Build | Mill |
| 5:26 | Queue | Villager (Male) |
| 5:44 | Queue | Villager (Male) |
| 6:04 | Queue | Villager (Male) |
| 6:22 | Queue | Villager (Male) |
| 7:26 | Research | Loom |
| 7:57 | Build | Barracks |
| 8:00 | Build | House |
| 8:04 | Research | Feudal Age |
| 8:19 | Build | Mining Camp |
| 8:35 | Build | House |
| 8:51 | Queue | Villager (Male) |
| 10:14 | Age | Feudal Age |
| 10:16 | Build | Archery Range |
| 10:25 | Build | Archery Range |
| 10:27 | Queue | Villager (Male) |
| 10:30 | Build | House |
| 10:33 | Build | Palisade Wall |
| 10:35 | Research | Double-Bit Axe |
| 10:40 | Build | Palisade Wall |
| 10:41 | Queue | Villager (Male) |
| 11:02 | Queue | Archer |
| 11:02 | Queue | Archer |
| 11:11 | Build | Palisade Wall |
| 11:23 | Build | Blacksmith |
| 11:24 | Queue | Villager (Male) |
| 11:32 | Queue | Villager (Male) |
| 11:33 | Queue | Archer |
| 11:38 | Build | House |
| 11:44 | Queue | Archer |
| 11:56 | Build | Palisade Wall |
| 11:59 | Queue | Villager (Male) |
| 12:03 | Queue | Villager (Male) |
| 12:04 | Queue | Archer |
| 12:08 | Build | House |
| 12:10 | Build | Palisade Wall |
| 12:11 | Queue | Spearman |
| 12:23 | Research | Fletching |
| 12:35 | Queue | Archer |
| 12:37 | Queue | Villager (Male) |
| 12:57 | Queue | Archer |
| 13:02 | Build | Farm |
| 13:04 | Build | Farm |
| 13:07 | Build | Farm |
| 13:10 | Queue | Archer |
| 13:20 | Build | Palisade Gate |
| 13:22 | Build | House |
| 13:27 | Queue | Villager (Male) |
| 13:40 | Queue | Villager (Male) |
| 13:42 | Build | Farm |
| 14:02 | Queue | Archer |
| 14:02 | Queue | Archer |
| 14:04 | Build | Farm |
| 14:16 | Queue | Villager (Male) |
| 14:18 | Queue | Archer |
| 14:21 | Queue | Villager (Male) |
| 14:25 | Build | Farm |
| 14:37 | Queue | Archer |
| 14:49 | Build | Palisade Wall |
| 15:17 | Queue | Villager (Male) |
| 15:27 | Build | Farm |
| 15:35 | Build | Market |
| 15:43 | Queue | Archer |
| 15:43 | Queue | Archer |
| 15:48 | Queue | Villager (Male) |
| 15:48 | Queue | Villager (Male) |
| 15:51 | Build | Farm |
| 16:19 | Queue | Villager (Male) |
| 16:21 | Queue | Archer |
| 16:53 | Build | Lumber Camp |
| 17:00 | Queue | Villager (Male) |
| 17:10 | Build | House |
| 17:17 | Queue | Villager (Male) |
| 17:25 | Build | Palisade Wall |
| 17:32 | Queue | Villager (Male) |
| 17:57 | Queue | Archer |
| 17:57 | Queue | Archer |
| 17:58 | Queue | Villager (Male) |
Build order — Vikariepoolen
101 actions detected in the replay
| 0:02 | Build | House |
| 0:03 | Build | House |
| 0:04 | Queue | Villager (Male) |
| 0:04 | Queue | Villager (Male) |
| 0:04 | Queue | Villager (Male) |
| 0:05 | Queue | Villager (Male) |
| 0:05 | Queue | Villager (Male) |
| 1:21 | Queue | Villager (Male) |
| 2:13 | Queue | Villager (Male) |
| 2:49 | Queue | Villager (Male) |
| 2:53 | Build | Lumber Camp |
| 3:14 | Queue | Villager (Male) |
| 3:14 | Queue | Villager (Male) |
| 3:14 | Queue | Villager (Male) |
| 3:48 | Queue | Villager (Male) |
| 4:53 | Queue | Villager (Male) |
| 4:57 | Build | House |
| 4:59 | Research | Loom |
| 4:59 | Queue | Villager (Male) |
| 5:02 | Queue | Villager (Male) |
| 5:18 | Build | Mill |
| 5:20 | Queue | Villager (Male) |
| 5:43 | Queue | Villager (Male) |
| 6:01 | Queue | Villager (Male) |
| 6:13 | Queue | Villager (Male) |
| 6:26 | Build | House |
| 6:30 | Build | House |
| 7:22 | Build | Lumber Camp |
| 7:24 | Research | Feudal Age |
| 7:34 | Build | House |
| 7:52 | Build | Palisade Wall |
| 8:02 | Queue | Villager (Male) |
| 8:08 | Build | Mining Camp |
| 9:07 | Build | Barracks |
| 9:13 | Build | Palisade Wall |
| 9:39 | Age | Feudal Age |
| 9:49 | Build | Archery Range |
| 9:54 | Queue | Spearman |
| 9:56 | Queue | Villager (Male) |
| 10:07 | Build | House |
| 10:14 | Research | Double-Bit Axe |
| 10:14 | Research | Double-Bit Axe |
| 10:26 | Queue | Villager (Male) |
| 10:31 | Queue | Archer ×3 |
| 10:32 | Queue | Archer ×3 |
| 10:34 | Queue | Villager (Male) |
| 10:58 | Queue | Villager (Male) |
| 11:00 | Queue | Archer |
| 11:18 | Build | Blacksmith |
| 11:21 | Build | Palisade Wall |
| 11:27 | Queue | Archer |
| 11:27 | Queue | Archer |
| 11:34 | Queue | Villager (Male) |
| 11:37 | Queue | Villager (Male) |
| 12:21 | Build | Farm |
| 12:22 | Build | Farm |
| 12:22 | Build | Farm |
| 12:31 | Queue | Archer |
| 12:36 | Queue | Villager (Male) |
| 12:39 | Build | Farm |
| 12:51 | Research | Fletching |
| 13:14 | Build | Farm |
| 13:14 | Build | Farm |
| 13:23 | Queue | Archer ×4 |
| 13:23 | Queue | Archer ×4 |
| 13:24 | Queue | Villager (Male) |
| 13:37 | Queue | Villager (Male) |
| 13:48 | Build | Palisade Wall |
| 13:53 | Build | Palisade Gate |
| 13:54 | Build | House |
| 13:59 | Build | House |
| 14:01 | Build | House |
| 14:06 | Queue | Archer |
| 14:06 | Queue | Archer |
| 14:11 | Build | Archery Range |
| 14:28 | Research | Horse Collar |
| 14:28 | Research | Horse Collar |
| 15:10 | Queue | Villager (Male) |
| 15:15 | Queue | Archer ×4 |
| 15:23 | Queue | Villager (Male) |
| 15:25 | Build | Farm |
| 15:26 | Build | Farm |
| 15:28 | Queue | Villager (Male) |
| 15:28 | Queue | Villager (Male) |
| 15:54 | Queue | Villager (Male) |
| 15:59 | Build | House |
| 16:00 | Build | Palisade Wall |
| 16:09 | Queue | Villager (Male) |
| 16:12 | Build | House |
| 16:13 | Build | House |
| 16:37 | Queue | Villager (Male) |
| 16:38 | Build | Farm |
| 16:49 | Queue | Villager (Male) |
| 16:54 | Build | Farm |
| 17:03 | Queue | Villager (Male) |
| 17:06 | Build | Palisade Wall |
| 17:13 | Build | Farm |
| 17:14 | Build | Farm |
| 17:26 | Build | Market |
| 17:45 | Build | Farm |
| 17:46 | Build | Farm |
Build order — Obegränsad
88 actions detected in the replay
| 0:02 | Build | House |
| 0:03 | Queue | Villager (Male) |
| 0:04 | Queue | Villager (Male) |
| 0:04 | Queue | Villager (Male) |
| 0:05 | Build | House |
| 0:35 | Queue | Villager (Male) |
| 1:42 | Queue | Villager (Male) |
| 2:00 | Queue | Villager (Male) |
| 2:08 | Build | House |
| 2:35 | Queue | Villager (Male) |
| 3:05 | Queue | Villager (Male) |
| 3:11 | Build | House |
| 3:42 | Queue | Villager (Male) |
| 3:43 | Queue | Villager (Male) |
| 3:47 | Queue | Villager (Male) |
| 3:59 | Build | Lumber Camp |
| 5:05 | Queue | Villager (Male) |
| 5:05 | Queue | Villager (Male) |
| 5:05 | Queue | Villager (Male) |
| 5:40 | Build | Mill |
| 5:58 | Queue | Villager (Male) |
| 5:58 | Queue | Villager (Male) |
| 6:21 | Queue | Villager (Male) |
| 6:45 | Queue | Villager (Male) |
| 6:51 | Build | House |
| 6:57 | Build | Palisade Wall |
| 7:04 | Build | Palisade Wall |
| 7:55 | Build | House |
| 8:07 | Build | Barracks |
| 8:12 | Queue | Villager (Male) |
| 8:18 | Research | Loom |
| 8:40 | Build | Palisade Wall |
| 8:41 | Build | Palisade Wall |
| 8:47 | Build | Palisade Wall |
| 8:53 | Build | Palisade Wall |
| 8:57 | Build | Palisade Wall |
| 9:00 | Queue | Villager (Male) |
| 9:00 | Queue | Villager (Male) |
| 10:07 | Build | House |
| 10:12 | Build | Palisade Wall |
| 10:17 | Build | Palisade Wall |
| 10:20 | Research | Feudal Age |
| 10:21 | Queue | Villager (Male) |
| 10:48 | Queue | Villager (Male) |
| 11:00 | Build | Mining Camp |
| 11:32 | Queue | Villager (Male) |
| 11:52 | Queue | Villager (Male) |
| 11:58 | Build | Farm |
| 11:58 | Build | Farm |
| 11:58 | Build | Farm |
| 11:59 | Build | Farm |
| 12:16 | Queue | Villager (Male) |
| 12:29 | Age | Feudal Age |
| 12:54 | Queue | Villager (Male) |
| 13:10 | Build | Stable |
| 13:29 | Build | Market |
| 13:36 | Queue | Villager (Male) |
| 13:37 | Queue | Villager (Male) |
| 13:40 | Queue | Spearman |
| 13:41 | Queue | Spearman |
| 13:49 | Build | Farm |
| 13:51 | Build | Farm |
| 14:00 | Research | Double-Bit Axe |
| 14:04 | Research | Horse Collar |
| 14:33 | Queue | Scout Cavalry |
| 14:33 | Queue | Scout Cavalry |
| 15:00 | Build | Palisade Gate |
| 15:20 | Build | Farm |
| 15:20 | Build | Farm |
| 15:22 | Queue | Villager (Male) |
| 15:22 | Queue | Villager (Male) |
| 15:25 | Queue | Scout Cavalry |
| 15:32 | Build | Farm |
| 15:47 | Build | Lumber Camp |
| 16:35 | Queue | Villager (Male) |
| 16:35 | Queue | Villager (Male) |
| 16:37 | Queue | Scout Cavalry |
| 17:04 | Build | House |
| 17:05 | Build | House |
| 17:06 | Build | House |
| 17:06 | Build | House |
| 17:07 | Build | House |
| 17:07 | Build | House |
| 17:08 | Build | House |
| 17:10 | Queue | Villager (Male) |
| 17:11 | Queue | Villager (Male) |
| 18:19 | Queue | Villager (Male) |
| 18:20 | Queue | Villager (Male) |
Build order — Fr4ggi
68 actions detected in the replay
| 0:04 | Build | House |
| 0:06 | Build | House |
| 0:12 | Queue | Villager (Male) |
| 0:13 | Queue | Villager (Male) |
| 1:16 | Queue | Villager (Male) |
| 1:17 | Queue | Villager (Male) |
| 1:17 | Queue | Villager (Male) |
| 1:43 | Queue | Villager (Male) |
| 2:08 | Build | Lumber Camp |
| 2:38 | Queue | Villager (Male) |
| 3:03 | Queue | Villager (Male) |
| 3:27 | Queue | Villager (Male) |
| 4:10 | Queue | Villager (Male) |
| 4:10 | Queue | Villager (Male) |
| 4:27 | Queue | Villager (Male) |
| 5:05 | Build | House |
| 5:15 | Research | Loom |
| 5:17 | Queue | Villager (Male) |
| 5:51 | Queue | Villager (Male) |
| 6:09 | Build | Mill |
| 6:23 | Queue | Villager (Male) |
| 6:33 | Queue | Villager (Male) |
| 6:36 | Build | House |
| 6:55 | Build | Farm |
| 6:56 | Queue | Villager (Male) |
| 7:36 | Build | Mill |
| 7:53 | Queue | Villager (Male) |
| 7:55 | Queue | Villager (Male) |
| 8:05 | Build | Farm |
| 8:35 | Build | Farm |
| 8:36 | Build | Farm |
| 8:54 | Research | Feudal Age |
| 9:04 | Build | Mining Camp |
| 10:26 | Build | Barracks |
| 10:35 | Queue | Villager (Male) |
| 10:58 | Age | Feudal Age |
| 11:02 | Queue | Villager (Male) |
| 11:27 | Queue | Villager (Male) |
| 11:46 | Build | Lumber Camp |
| 11:59 | Queue | Villager (Male) |
| 12:03 | Build | House |
| 12:11 | Research | Wheelbarrow |
| 13:05 | Queue | Villager (Male) |
| 13:19 | Build | Stable |
| 13:29 | Queue | Villager (Male) |
| 14:00 | Build | Blacksmith |
| 14:02 | Queue | Villager (Male) |
| 14:40 | Queue | Villager (Male) |
| 14:50 | Queue | Villager (Male) |
| 15:30 | Research | Castle Age |
| 16:16 | Build | House |
| 16:20 | Research | Double-Bit Axe |
| 16:25 | Research | Bloodlines |
| 16:37 | Build | Farm |
| 16:49 | Build | Farm |
| 16:49 | Build | Farm |
| 16:51 | Build | Farm |
| 16:52 | Build | Farm |
| 16:55 | Research | Horse Collar |
| 17:03 | Build | Farm |
| 17:19 | Build | House |
| 17:21 | Build | House |
| 17:22 | Build | House |
| 17:55 | Age | Castle Age |
| 18:01 | Queue | Knight |
| 18:03 | Queue | Villager (Male) |
| 18:03 | Queue | Villager (Male) |
| 18:09 | Build | Farm |
Build order — BoMalabimba
110 actions detected in the replay
| 0:01 | Queue | Villager (Male) |
| 0:01 | Queue | Villager (Male) |
| 0:02 | Queue | Villager (Male) |
| 0:03 | Build | House |
| 0:03 | Queue | Villager (Male) |
| 0:04 | Build | House |
| 1:40 | Queue | Villager (Male) |
| 1:40 | Queue | Villager (Male) |
| 1:56 | Build | Lumber Camp |
| 2:08 | Queue | Villager (Male) |
| 2:30 | Queue | Villager (Male) |
| 2:30 | Queue | Villager (Male) |
| 2:50 | Queue | Villager (Male) |
| 3:15 | Queue | Villager (Male) |
| 3:35 | Build | House |
| 3:40 | Queue | Villager (Male) |
| 4:03 | Build | House |
| 4:10 | Queue | Villager (Male) |
| 4:11 | Queue | Villager (Male) |
| 5:02 | Queue | Villager (Male) |
| 5:18 | Build | Mill |
| 5:23 | Queue | Villager (Male) |
| 5:23 | Queue | Villager (Male) |
| 5:50 | Queue | Villager (Male) |
| 5:53 | Queue | Villager (Male) |
| 6:00 | Research | Loom |
| 6:44 | Queue | Villager (Male) |
| 7:14 | Research | Feudal Age |
| 8:08 | Build | Barracks |
| 8:13 | Build | Mining Camp |
| 8:41 | Build | Palisade Wall |
| 8:41 | Build | Palisade Wall |
| 8:42 | Build | Palisade Wall |
| 8:55 | Queue | Villager (Male) |
| 9:24 | Age | Feudal Age |
| 9:28 | Build | Archery Range |
| 9:50 | Queue | Villager (Male) |
| 9:50 | Queue | Villager (Male) |
| 10:00 | Research | Double-Bit Axe |
| 10:05 | Queue | Villager (Male) |
| 10:14 | Build | House |
| 10:28 | Queue | Archer |
| 10:29 | Queue | Archer |
| 10:36 | Build | Farm |
| 10:49 | Build | Farm |
| 10:54 | Queue | Villager (Male) |
| 11:02 | Build | House |
| 11:05 | Build | Palisade Wall |
| 11:07 | Build | Palisade Wall |
| 11:11 | Queue | Archer |
| 11:24 | Queue | Villager (Male) |
| 11:36 | Build | Archery Range |
| 11:41 | Build | House |
| 11:43 | Queue | Archer |
| 11:51 | Build | Palisade Wall |
| 12:00 | Queue | Villager (Male) |
| 12:03 | Build | Palisade Wall |
| 12:08 | Build | Palisade Wall |
| 12:11 | Build | Palisade Wall |
| 12:14 | Queue | Archer |
| 12:16 | Queue | Villager (Male) |
| 12:19 | Build | Farm |
| 12:42 | Queue | Villager (Male) |
| 12:44 | Queue | Archer |
| 12:45 | Queue | Archer |
| 13:01 | Build | Blacksmith |
| 13:03 | Queue | Villager (Male) |
| 13:09 | Queue | Archer |
| 13:09 | Queue | Archer |
| 13:31 | Build | Farm |
| 13:32 | Build | Farm |
| 13:37 | Queue | Villager (Male) |
| 13:45 | Build | House |
| 13:50 | Build | House |
| 13:53 | Build | Outpost |
| 13:54 | Queue | Villager (Male) |
| 14:01 | Queue | Archer |
| 14:11 | Research | Fletching |
| 14:12 | Research | Fletching |
| 14:14 | Research | Padded Archer Armor |
| 14:16 | Queue | Villager (Male) |
| 14:20 | Build | House |
| 14:21 | Build | House |
| 14:22 | Build | Palisade Wall |
| 14:25 | Queue | Villager (Male) |
| 14:29 | Build | Farm |
| 14:48 | Queue | Villager (Male) |
| 14:51 | Queue | Archer |
| 14:51 | Queue | Archer |
| 14:53 | Queue | Villager (Male) |
| 15:04 | Build | Watch Tower |
| 15:23 | Queue | Villager (Male) |
| 15:31 | Build | Palisade Wall |
| 15:41 | Queue | Villager (Male) |
| 15:48 | Queue | Archer |
| 16:03 | Build | Market |
| 16:08 | Build | Farm |
| 16:26 | Research | Padded Archer Armor |
| 16:47 | Build | Farm |
| 17:05 | Queue | Archer |
| 17:05 | Queue | Archer |
| 17:06 | Queue | Villager (Male) |
| 17:13 | Build | Farm |
| 17:49 | Queue | Villager (Male) |
| 17:50 | Queue | Archer |
| 17:50 | Queue | Archer |
| 17:57 | Build | Farm |
| 17:59 | Build | Farm |
| 18:00 | Build | Farm |
| 18:20 | Queue | Villager (Male) |
Match timeline
| 6:57 | Obegränsad · wall_segment Palisade Wall x5 |
| 7:04 | Obegränsad · wall_segment Palisade Wall x11 |
| 7:52 | Vikariepoolen · wall_segment Palisade Wall x1 |
| 7:57 | Quando · first_building Barracks |
| 8:07 | Obegränsad · first_building Barracks |
| 8:08 | BoMalabimba · first_building Barracks |
| 8:40 | Obegränsad · wall_segment Palisade Wall x13 |
| 8:41 | BoMalabimba · wall_segment Palisade Wall x1 |
| 8:41 | Obegränsad · wall_segment Palisade Wall x2 |
| 8:41 | BoMalabimba · wall_segment Palisade Wall x1 |
| 8:42 | BoMalabimba · wall_segment Palisade Wall x2 |
| 8:47 | Obegränsad · wall_segment Palisade Wall x4 |
| 8:53 | Obegränsad · wall_segment Palisade Wall x16 |
| 8:57 | Obegränsad · wall_segment Palisade Wall x3 |
| 9:07 | Vikariepoolen · first_building Barracks |
| 9:13 | Vikariepoolen · wall_segment Palisade Wall x1 |
| 9:24 | BoMalabimba · age_up feudal |
| 9:28 | BoMalabimba · first_building Archery Range |
| 9:39 | Vikariepoolen · age_up feudal |
| 9:49 | Vikariepoolen · first_building Archery Range |
| 10:12 | Obegränsad · wall_segment Palisade Wall x6 |
| 10:14 | Quando · age_up feudal |
| 10:16 | Quando · first_building Archery Range |
| 10:17 | Obegränsad · wall_segment Palisade Wall x3 |
| 10:26 | Fr4ggi · first_building Barracks |
| 10:33 | Quando · wall_segment Palisade Wall x6 |
| 10:40 | Quando · wall_segment Palisade Wall x3 |
| 10:58 | Fr4ggi · age_up feudal |
| 11:05 | BoMalabimba · wall_segment Palisade Wall x1 |
| 11:07 | BoMalabimba · wall_segment Palisade Wall x1 |
| 11:11 | Quando · wall_segment Palisade Wall x1 |
| 11:21 | Vikariepoolen · wall_segment Palisade Wall x13 |
| 11:51 | BoMalabimba · wall_segment Palisade Wall x2 |
| 11:56 | Quando · wall_segment Palisade Wall x4 |
| 12:01 | Relief · age_up feudal |
| 12:03 | BoMalabimba · wall_segment Palisade Wall x1 |
| 12:08 | BoMalabimba · wall_segment Palisade Wall x10 |
| 12:10 | Quando · wall_segment Palisade Wall x7 |
| 12:11 | BoMalabimba · wall_segment Palisade Wall x2 |
| 12:29 | Relief · first_building Barracks |
| 12:29 | Obegränsad · age_up feudal |
| 13:10 | Obegränsad · first_building Stable |
| 13:19 | Fr4ggi · first_building Stable |
| 13:35 | Relief · first_building Archery Range |
| 13:48 | Vikariepoolen · wall_segment Palisade Wall x14 |
| 14:22 | BoMalabimba · wall_segment Palisade Wall x1 |
| 14:49 | Quando · wall_segment Palisade Wall x6 |
| 15:31 | BoMalabimba · wall_segment Palisade Wall x11 |
| 16:00 | Vikariepoolen · wall_segment Palisade Wall x15 |
| 17:06 | Vikariepoolen · wall_segment Palisade Wall x11 |
| 17:25 | Quando · wall_segment Palisade Wall x10 |
| 17:55 | Fr4ggi · age_up castle |
| 18:21 | Quando · resign |
[ AI ANALYSIS · 1 CREDIT ]
What really happened in this match?
Wolo.gg analyzes every decision: build order, eco, micro, common mistakes by bracket. Personalized analysis on WhatsApp or Discord in 30 seconds.
Civ guide
Dravidians
Perfil
Jugador #2141671